[gd_scene load_steps=7 format=2]

[ext_resource path="res://assets/fonts/square_deal/square-deal.ttf" type="DynamicFontData" id=1]
[ext_resource path="res://ui/splashes/credits.gd" type="Script" id=2]
[ext_resource path="res://assets/bgm/sex_motorcycle.ogg" type="AudioStream" id=3]


[sub_resource type="DynamicFont" id=1]
size = 64
outline_color = Color( 0, 0, 0, 1 )
extra_spacing_char = 16
font_data = ExtResource( 1 )

[sub_resource type="StyleBoxFlat" id=3]
content_margin_bottom = 40.0
bg_color = Color( 0.6, 0.6, 0.6, 0 )
border_width_top = 4
border_color = Color( 0, 0, 0, 1 )

[sub_resource type="DynamicFont" id=2]
size = 128
outline_color = Color( 0, 0, 0, 1 )
extra_spacing_char = 16
font_data = ExtResource( 1 )

[node name="Credits" type="Control"]
anchor_right = 1.0
anchor_bottom = 1.0
script = ExtResource( 2 )
__meta__ = {
"_edit_use_anchors_": false
}

[node name="ColorRect" type="ColorRect" parent="."]
anchor_right = 1.0
anchor_bottom = 1.0

[node name="Screens" type="Control" parent="."]
anchor_right = 1.0
anchor_bottom = 1.0
__meta__ = {
"_edit_use_anchors_": false
}

[node name="CenterContainer" type="CenterContainer" parent="Screens"]
anchor_right = 1.0
anchor_bottom = 1.0
__meta__ = {
"_edit_use_anchors_": false
}

[node name="Label" type="VBoxContainer" parent="Screens/CenterContainer"]
visible = false
margin_left = 399.0
margin_top = 291.0
margin_right = 1199.0
margin_bottom = 609.0
rect_min_size = Vector2( 800, 0 )
__meta__ = {
"_edit_use_anchors_": false
}

[node name="Label2" type="Label" parent="Screens/CenterContainer/Label"]
margin_right = 800.0
margin_bottom = 64.0
custom_fonts/font = SubResource( 1 )
custom_colors/font_color = Color( 0, 0, 0, 1 )
text = "the game dads"
align = 1
valign = 1
autowrap = true
__meta__ = {
"_edit_use_anchors_": false
}

[node name="HSeparator" type="HSeparator" parent="Screens/CenterContainer/Label"]
margin_top = 68.0
margin_right = 800.0
margin_bottom = 116.0
custom_styles/separator = SubResource( 3 )
custom_constants/separation = 48

[node name="Label3" type="Label" parent="Screens/CenterContainer/Label"]
margin_top = 120.0
margin_right = 800.0
margin_bottom = 318.0
custom_fonts/font = SubResource( 1 )
custom_colors/font_color = Color( 0, 0, 0, 1 )
text = "patrick williams
josef frank
cockneck"
align = 1
valign = 1
autowrap = true
__meta__ = {
"_edit_use_anchors_": false
}

[node name="Label2" type="VBoxContainer" parent="Screens/CenterContainer"]
visible = false
margin_left = 399.0
margin_top = 358.0
margin_right = 1199.0
margin_bottom = 542.0
rect_min_size = Vector2( 800, 0 )
__meta__ = {
"_edit_use_anchors_": false
}

[node name="Label2" type="Label" parent="Screens/CenterContainer/Label2"]
margin_right = 800.0
margin_bottom = 64.0
custom_fonts/font = SubResource( 1 )
custom_colors/font_color = Color( 0, 0, 0, 1 )
text = "original concept"
align = 1
valign = 1
autowrap = true
__meta__ = {
"_edit_use_anchors_": false
}

[node name="HSeparator" type="HSeparator" parent="Screens/CenterContainer/Label2"]
margin_top = 68.0
margin_right = 800.0
margin_bottom = 116.0
custom_styles/separator = SubResource( 3 )
custom_constants/separation = 48

[node name="Label3" type="Label" parent="Screens/CenterContainer/Label2"]
margin_top = 120.0
margin_right = 800.0
margin_bottom = 184.0
custom_fonts/font = SubResource( 1 )
custom_colors/font_color = Color( 0, 0, 0, 1 )
text = "patrick williams"
align = 1
valign = 1
autowrap = true
__meta__ = {
"_edit_use_anchors_": false
}

[node name="Label5" type="VBoxContainer" parent="Screens/CenterContainer"]
visible = false
margin_left = 399.0
margin_top = 324.0
margin_right = 1199.0
margin_bottom = 575.0
rect_min_size = Vector2( 800, 0 )
__meta__ = {
"_edit_use_anchors_": false
}

[node name="Label2" type="Label" parent="Screens/CenterContainer/Label5"]
margin_right = 800.0
margin_bottom = 64.0
custom_fonts/font = SubResource( 1 )
custom_colors/font_color = Color( 0, 0, 0, 1 )
text = "story"
align = 1
valign = 1
autowrap = true
__meta__ = {
"_edit_use_anchors_": false
}

[node name="HSeparator" type="HSeparator" parent="Screens/CenterContainer/Label5"]
margin_top = 68.0
margin_right = 800.0
margin_bottom = 116.0
custom_styles/separator = SubResource( 3 )
custom_constants/separation = 48

[node name="Label3" type="Label" parent="Screens/CenterContainer/Label5"]
margin_top = 120.0
margin_right = 800.0
margin_bottom = 251.0
custom_fonts/font = SubResource( 1 )
custom_colors/font_color = Color( 0, 0, 0, 1 )
text = "patrick williams
cockneck"
align = 1
valign = 1
autowrap = true
__meta__ = {
"_edit_use_anchors_": false
}

[node name="Label4" type="VBoxContainer" parent="Screens/CenterContainer"]
visible = false
margin_left = 399.0
margin_top = 324.0
margin_right = 1199.0
margin_bottom = 575.0
rect_min_size = Vector2( 800, 0 )
__meta__ = {
"_edit_use_anchors_": false
}

[node name="Label2" type="Label" parent="Screens/CenterContainer/Label4"]
margin_right = 800.0
margin_bottom = 64.0
custom_fonts/font = SubResource( 1 )
custom_colors/font_color = Color( 0, 0, 0, 1 )
text = "art"
align = 1
valign = 1
autowrap = true
__meta__ = {
"_edit_use_anchors_": false
}

[node name="HSeparator" type="HSeparator" parent="Screens/CenterContainer/Label4"]
margin_top = 68.0
margin_right = 800.0
margin_bottom = 116.0
custom_styles/separator = SubResource( 3 )
custom_constants/separation = 48

[node name="Label3" type="Label" parent="Screens/CenterContainer/Label4"]
margin_top = 120.0
margin_right = 800.0
margin_bottom = 251.0
custom_fonts/font = SubResource( 1 )
custom_colors/font_color = Color( 0, 0, 0, 1 )
text = "cockneck
josef frank"
align = 1
valign = 1
autowrap = true
__meta__ = {
"_edit_use_anchors_": false
}

[node name="Label3" type="VBoxContainer" parent="Screens/CenterContainer"]
visible = false
margin_left = 399.0
margin_top = 358.0
margin_right = 1199.0
margin_bottom = 542.0
rect_min_size = Vector2( 800, 0 )
__meta__ = {
"_edit_use_anchors_": false
}

[node name="Label2" type="Label" parent="Screens/CenterContainer/Label3"]
margin_right = 800.0
margin_bottom = 64.0
custom_fonts/font = SubResource( 1 )
custom_colors/font_color = Color( 0, 0, 0, 1 )
text = "programming"
align = 1
valign = 1
autowrap = true
__meta__ = {
"_edit_use_anchors_": false
}

[node name="HSeparator" type="HSeparator" parent="Screens/CenterContainer/Label3"]
margin_top = 68.0
margin_right = 800.0
margin_bottom = 116.0
custom_styles/separator = SubResource( 3 )
custom_constants/separation = 48

[node name="Label3" type="Label" parent="Screens/CenterContainer/Label3"]
margin_top = 120.0
margin_right = 800.0
margin_bottom = 184.0
custom_fonts/font = SubResource( 1 )
custom_colors/font_color = Color( 0, 0, 0, 1 )
text = "josef frank"
align = 1
valign = 1
autowrap = true
__meta__ = {
"_edit_use_anchors_": false
}

[node name="Label6" type="VBoxContainer" parent="Screens/CenterContainer"]
visible = false
margin_left = 399.0
margin_top = 257.0
margin_right = 1199.0
margin_bottom = 642.0
rect_min_size = Vector2( 800, 0 )
__meta__ = {
"_edit_use_anchors_": false
}

[node name="Label2" type="Label" parent="Screens/CenterContainer/Label6"]
margin_right = 800.0
margin_bottom = 64.0
custom_fonts/font = SubResource( 1 )
custom_colors/font_color = Color( 0, 0, 0, 1 )
text = "music"
align = 1
valign = 1
autowrap = true
__meta__ = {
"_edit_use_anchors_": false
}

[node name="HSeparator" type="HSeparator" parent="Screens/CenterContainer/Label6"]
margin_top = 68.0
margin_right = 800.0
margin_bottom = 116.0
custom_styles/separator = SubResource( 3 )
custom_constants/separation = 48

[node name="Label3" type="Label" parent="Screens/CenterContainer/Label6"]
margin_top = 120.0
margin_right = 800.0
margin_bottom = 385.0
custom_fonts/font = SubResource( 1 )
custom_colors/font_color = Color( 0, 0, 0, 1 )
text = "edge street boyz
sparky
brickie
the jesus freaks"
align = 1
valign = 1
autowrap = true
__meta__ = {
"_edit_use_anchors_": false
}

[node name="Label7" type="VBoxContainer" parent="Screens/CenterContainer"]
visible = false
margin_left = 399.0
margin_top = 224.0
margin_right = 1199.0
margin_bottom = 676.0
rect_min_size = Vector2( 800, 0 )
__meta__ = {
"_edit_use_anchors_": false
}

[node name="Label2" type="Label" parent="Screens/CenterContainer/Label7"]
margin_right = 800.0
margin_bottom = 64.0
custom_fonts/font = SubResource( 1 )
custom_colors/font_color = Color( 0, 0, 0, 1 )
text = "voice acting"
align = 1
valign = 1
autowrap = true
__meta__ = {
"_edit_use_anchors_": false
}

[node name="HSeparator" type="HSeparator" parent="Screens/CenterContainer/Label7"]
margin_top = 68.0
margin_right = 800.0
margin_bottom = 116.0
custom_styles/separator = SubResource( 3 )
custom_constants/separation = 48

[node name="Label3" type="Label" parent="Screens/CenterContainer/Label7"]
margin_top = 120.0
margin_right = 800.0
margin_bottom = 452.0
custom_fonts/font = SubResource( 1 )
custom_colors/font_color = Color( 0, 0, 0, 1 )
text = "patrick williams
cockneck
james garnett
ryan
josef frank"
align = 1
valign = 1
autowrap = true
__meta__ = {
"_edit_use_anchors_": false
}

[node name="Label8" type="VBoxContainer" parent="Screens/CenterContainer"]
visible = false
margin_left = 399.0
margin_top = 291.0
margin_right = 1199.0
margin_bottom = 609.0
rect_min_size = Vector2( 800, 0 )
__meta__ = {
"_edit_use_anchors_": false
}

[node name="Label2" type="Label" parent="Screens/CenterContainer/Label8"]
margin_right = 800.0
margin_bottom = 64.0
custom_fonts/font = SubResource( 1 )
custom_colors/font_color = Color( 0, 0, 0, 1 )
text = "created for"
align = 1
valign = 1
autowrap = true
__meta__ = {
"_edit_use_anchors_": false
}

[node name="HSeparator" type="HSeparator" parent="Screens/CenterContainer/Label8"]
margin_top = 68.0
margin_right = 800.0
margin_bottom = 116.0
custom_styles/separator = SubResource( 3 )
custom_constants/separation = 48

[node name="Label3" type="Label" parent="Screens/CenterContainer/Label8"]
margin_top = 120.0
margin_right = 800.0
margin_bottom = 318.0
custom_fonts/font = SubResource( 1 )
custom_colors/font_color = Color( 0, 0, 0, 1 )
text = "scream jam 2020
the fuck of it
because we could"
align = 1
valign = 1
autowrap = true
__meta__ = {
"_edit_use_anchors_": false
}

[node name="Label10" type="VBoxContainer" parent="Screens/CenterContainer"]
visible = false
margin_left = 399.0
margin_top = 123.0
margin_right = 1199.0
margin_bottom = 776.0
rect_min_size = Vector2( 800, 0 )
__meta__ = {
"_edit_use_anchors_": false
}

[node name="Label2" type="Label" parent="Screens/CenterContainer/Label10"]
margin_right = 800.0
margin_bottom = 64.0
custom_fonts/font = SubResource( 1 )
custom_colors/font_color = Color( 0, 0, 0, 1 )
text = "special thanks"
align = 1
valign = 1
autowrap = true
__meta__ = {
"_edit_use_anchors_": false
}

[node name="HSeparator" type="HSeparator" parent="Screens/CenterContainer/Label10"]
margin_top = 68.0
margin_right = 800.0
margin_bottom = 116.0
custom_styles/separator = SubResource( 3 )
custom_constants/separation = 48

[node name="Label3" type="Label" parent="Screens/CenterContainer/Label10"]
margin_top = 120.0
margin_right = 800.0
margin_bottom = 653.0
custom_fonts/font = SubResource( 1 )
custom_colors/font_color = Color( 0, 0, 0, 1 )
text = "super hubert
silverchair
kylie minogue
brooko
dazza
caffeine
dopamine
fuck"
align = 1
valign = 1
autowrap = true
__meta__ = {
"_edit_use_anchors_": false
}

[node name="Label9" type="Label" parent="Screens/CenterContainer"]
visible = false
margin_left = 110.0
margin_top = 386.0
margin_right = 1490.0
margin_bottom = 514.0
custom_fonts/font = SubResource( 2 )
custom_colors/font_color = Color( 0, 0, 0, 1 )
text = "thank you for playing"
align = 2

[node name="Title" type="VBoxContainer" parent="."]
anchor_left = 0.5
anchor_top = 0.5
anchor_right = 0.5
anchor_bottom = 0.5
margin_left = -699.0
margin_top = -20.0
margin_right = 680.0
margin_bottom = 303.0
custom_constants/separation = 64
__meta__ = {
"_edit_use_anchors_": false
}

[node name="Label" type="Label" parent="Title"]
margin_right = 1379.0
margin_bottom = 128.0
custom_fonts/font = SubResource( 2 )
custom_colors/font_color = Color( 0, 0, 0, 1 )
text = "loose units"
align = 2

[node name="Label2" type="Label" parent="Title"]
margin_top = 192.0
margin_right = 1379.0
margin_bottom = 323.0
custom_fonts/font = SubResource( 1 )
custom_colors/font_color = Color( 0, 0, 0, 1 )
text = "developed by kitsch digital
published by caveware digital"

[node name="AudioStreamPlayer" type="AudioStreamPlayer" parent="."]
stream = ExtResource( 3 )
autoplay = true

[node name="Tween" type="Tween" parent="."]
